 Dungeon Crawl Stone Soup version 0.29.1-1-gd02db6906a (webtiles) character file.

Game seed: 17133465024909556287

592007 RKaid the Crack Shot (level 27, -4/115 HPs)
             Began as a Tengu Hunter on Sept 25, 2022.
             Was a High Priest of Hepliaklqana.
             Killed by divine providence
             ... invoked by a smoke demon
             ... summoned by an orange crystal statue
              (10 damage)
             ... on level 3 of the Abyss on Oct 13, 2022.
             The game lasted 04:53:41 (64470 turns).

RKaid the Crack Shot (Tengu Hunter)                Turns: 64470, Time: 04:53:41

Health: -4/115     AC: 11    Str: 13      XL:     27
Magic:  0/27       EV: 46    Int:  9 (11) God:    Hepliaklqana [*****.]
Gold:   6312       SH:  0    Dex: 32 (33) Spells: 7/46 levels left

rFire   + + .      SeeInvis +   a - +9 heavy crossbow "Sniper" {vorpal, Acc+∞ SInv}
rCold   + . .      Faith    .   (shield currently unavailable)
rNeg    . . .      Spirit   +   A - +1 leather armour "Iggijiol" {rF++ Regen+ Str+4 Stlth-}
rPois   +          Reflect  .   F - +2 hat of the Bear Spirit {Spirit, *Rage Will++}
rElec   +          Harm     .   w - +2 cloak {Stlth+}
rCorr   +          Rampage  .   I - +1 Delatra's gloves {ID++}
Will    +++++      Rage     29% (boots unavailable)
Stlth   +++.......              z - amulet of regeneration {+regen}
HPRegen 0.00/turn               x - ring of Ruheded {rElec rPois Will+++ rCorr Dex+6}
MPRegen 0.20/turn               J - ring of Dalez {Wiz Int+2 Dex+4}

@: about to teleport, sick, flying quickly and evasively, inhibited regen,
studying Polearms, unable to read, unable to drink, quick
A: reduced essence, beak, talons 3, nimble flight, cold resistance 1, MP-powered
wands, [berserk 2], [clumsy 2], [deformed body], [deterioration 2], [dopey 2],
[frail 3], [low MP 3], [screaming 2], [inhibited regeneration], ([teleportitis
2]), [weak 2], [no potion heal 2], [subdued magic 3], [inability to drink after
injury 2], [inability to read after injury 2]
}: 4/15 runes: serpentine, barnacled, slimy, silver
a: Renounce Religion, Recall Ancestor, Ancestor Identity, Transference, Idealise


You were on level 3 of the Abyss.
You worshipped Hepliaklqana.
Hepliaklqana was extremely pleased with you.
You visited 11 branches of the dungeon, and saw 51 of its levels.
You visited the Abyss 3 times.
You also visited: Bailey, Gauntlet and Desolation.

You collected 10825 gold pieces.
You spent 4513 gold pieces at shops.

Inventory:

Hand Weapons
 a - the +9 heavy crossbow "Sniper" (weapon) {vorpal, Acc+∞ SInv}
   (You bought it in a shop on level 1 of the Shoals)

   Any ammunition fired from it inflicts extra damage upon your enemies.
   Any ammunition fired from it never misses its target.
   SInv:      It lets you see invisible.
 b - a +1 triple crossbow of freezing
   (You bought it in a shop on level 1 of the Orcish Mines)
Missiles
 i - 4 throwing nets {=f}
Armour
 w - a +2 cloak of stealth (worn)
   (You took it off Nikola on level 2 of the Shoals)
 A - the +1 leather armour "Iggijiol" (worn) {rF++ Regen+ Str+4 Stlth-}
   (You found it on level 12 of the Dungeon)

   Str:       It affects your strength (+4).
   rF:        It greatly protects you from fire.
   Regen:     It increases your rate of health regeneration.
   Stlth:     It makes you less stealthy.
 F - the +2 hat of the Bear Spirit (worn) {Spirit, *Rage Will++}
   (You found it on level 3 of the Elven Halls)

   Going berserk makes the wearer tougher, and they're slowed less afterward.
   *Rage:     It berserks you when you make melee attacks (+20% chance).
   Will:      It greatly increases your willpower.
 I - the +1 Delatra's gloves (worn) {ID++}
   (You found it on level 6 of the Dungeon)

   It heals its wearer when they drink unknown potions.
   It restores its wearer's MP when they read unknown scrolls.
Jewellery
 j - the ring of Loadeh Uli {rPois rF+ rN+ Str+5}
   (You took it off a vault guard on level 5 of the Vaults)

   [ring of positive energy]

   Str:       It affects your strength (+5).
   rF:        It protects you from fire.
   rPois:     It protects you from poison.
   rN:        It protects you from negative energy.
 x - the ring of Ruheded (left hand) {rElec rPois Will+++ rCorr Dex+6}
   (You bought it in a shop on level 2 of the Orcish Mines)

   [ring of dexterity]

   Dex:       It affects your dexterity (+6).
   rElec:     It insulates you from electricity.
   rPois:     It protects you from poison.
   rCorr:     It protects you from acid and corrosion.
   Will:      It greatly increases your willpower.
 z - an amulet of regeneration (around neck) {+regen}
   (You found it on level 1 of the Elven Halls)
 B - the ring "Repnuoko" {rC+ Int+4 Dex+4}
   (You found it on level 3 of the Crypt)

   [ring of protection from cold]

   Int:       It affects your intelligence (+4).
   Dex:       It affects your dexterity (+4).
   rC:        It protects you from cold.
 H - the dreamshard necklace {*Dream Drain}
   (You took it off a deep elf demonologist on level 3 of the Elven Halls)

   [amulet of nothing]

   It shatters if its wearer takes lethal or near-lethal damage, preventing the
   blow and releasing protective dreams that heal and fight for the wearer.
   Drain:     It drains your maximum health when unequipped.
 J - the ring of Dalez (right hand) {Wiz Int+2 Dex+4}
   (You took it off a merfolk impaler on level 4 of the Shoals)

   [ring of wizardry]

   It improves your spell success rate.
   Int:       It affects your intelligence (+2).
   Dex:       It affects your dexterity (+4).
 M - the ring "Faeten" {rF++ Int+6 SInv}
   (You found it in the Desolation of Salt)

   [ring of intelligence]

   Int:       It affects your intelligence (+6).
   rF:        It greatly protects you from fire.
   SInv:      It lets you see invisible.
 N - the ring "Nytigeim" {rN+ Dex+4}
   (You found it on level 3 of the Crypt)

   [ring of positive energy]

   Dex:       It affects your dexterity (+4).
   rN:        It protects you from negative energy.
 W - the amulet of Hostrad {RegenMP rElec rC+ rCorr Str+3}
   (You found it in the Desolation of Salt)

   [amulet of magic regeneration]

   It increases your rate of magic regeneration.
   Str:       It affects your strength (+3).
   rC:        It protects you from cold.
   rElec:     It insulates you from electricity.
   rCorr:     It protects you from acid and corrosion.
 X - a +6 ring of dexterity
   (You found it on level 1 of the Lair of Beasts)
Wands
 o - a wand of roots (17)
   (You took it off Jessica on level 2 of the Dungeon)
 y - a wand of quicksilver (16)
   (You found it on level 5 of the Dungeon)
 D - a wand of digging (4)
   (You found it on level 4 of the Dungeon)
Scrolls
 k - 7 scrolls of fear
 l - 4 scrolls of blinking {!r}
 m - 3 scrolls of silence
 n - 8 scrolls of magic mapping {!r}
 t - 25 scrolls of teleportation
 u - 3 scrolls of fog
 v - 7 scrolls of poison {!r}
 K - 5 scrolls of summoning
 L - 9 scrolls of vulnerability {!r!r}
 R - 14 scrolls of immolation {!r}
Potions
 c - 25 potions of curing
 d - 11 potions of brilliance
 f - 4 potions of magic
 h - 8 potions of heal wounds
 s - 9 potions of haste
 C - 4 potions of resistance
 P - 4 potions of invisibility
 S - 5 potions of ambrosia
 T - 6 potions of mutation {!q!q}
 U - 7 potions of lignification {!q}
 Y - 5 potions of cancellation
Miscellaneous
 g - a phial of floods
   (You found it on level 2 of the Vaults)
 q - a piece from Xom's chessboard (15/15)
   (You found it on level 12 of the Dungeon)
 G - a phantom mirror
   (You found it on level 3 of the Elven Halls)
 V - a condenser vane
   (You found it in the Desolation of Salt)
 Z - a box of beasts
   (You found it on level 1 of the Lair of Beasts)


   Skills:
 * Level 25.4 Fighting
 + Level 26.7 Ranged Weapons
 - Level 9.0 Armour
 + Level 22.9 Dodging
 - Level 1.0 Stealth
 - Level 10.2 Spellcasting
 + Level 16.3 Summonings
 - Level 8.0 Translocations
 - Level 6.0 Air Magic
 - Level 16.0 Invocations
 - Level 5.0 Evocations


You had 7 spell levels left.
You knew the following spells:

 Your Spells              Type           Power      Damage    Failure   Level
a - Portal Projectile     Hex/Tloc       12%        N/A       2%          3
b - Summon Hydra          Summ           8%         N/A       4%          7
c - Summon Lightning Spi  Summ/Air       13%        N/A       1%          4
d - Summon Cactus Giant   Summ           8%         N/A       1%          6
e - Summon Forest         Summ/Tloc      6%         N/A       1%          5
f - Summon Mana Viper     Hex/Summ       10%        N/A       4%          5
g - Apportation           Tloc           18%        N/A       1%          1
h - Passage of Golubria   Tloc           9%         N/A       1%          4
A - Passwall              Tmut/Erth      1%         N/A       6%          2
B - Blink                 Tloc           18%        N/A       1%          2

Your spell library contained the following spells:

 Spells                   Type           Power      Damage    Failure   Level
 Summon Small Mammal      Summ           68%        N/A       0%          1
 Call Canine Familiar     Summ           17%        N/A       0%          3
 Shock                    Conj/Air       20%        1d4       1%          1
 Poisonous Vapours        Pois/Air       10%        N/A       1%          2
 Static Discharge         Conj/Air       5%         3-4/arc   1%          2
 Gell's Gravitas          Tloc           9%         N/A       1%          3
 Summon Guardian Golem    Hex/Summ       10%        N/A       1%          3
 Swiftness                Air            8%         N/A       1%          3
 Animate Armour           Summ/Erth      20%        N/A       1%          4
 Summon Ice Beast         Ice/Summ       10%        N/A       1%          4
 Airstrike                Air            4%         2d(1-17)  3%          4
 Foxfire                  Conj/Fire      8%         2x1d4     4%          1
 Freeze                   Ice            8%         1d3       4%          1
 Magic Dart               Conj           8%         1d3       4%          1
 Necrotise                Necr           8%         1d4       4%          1
 Sandblast                Erth           4%         2d4       4%          1
 Sting                    Tmut/Pois      8%         1d3       4%          1
 Manifold Assault         Tloc           9%         N/A       4%          5
 Monstrous Menagerie      Summ           8%         N/A       4%          7
 Ensorcelled Hibernation  Hex/Ice        4%         N/A       6%          2
 Searing Ray              Conj           4%         2d4       6%          2
 Sublimation of Blood     Necr           2%         N/A       6%          2
 Wereblood                Tmut           2%         N/A       6%          2
 Mephitic Cloud           Conj/Pois/Air  4%         N/A       6%          3
 Iskenderun's Mystic Bla  Conj/Tloc      6%         2d4       9%          4
 Confusing Touch          Hex            2%         N/A       14%         3
 Conjure Flame            Conj/Fire      2%         6-21      14%         3
 Dazzling Flash           Conj/Hex       4%         N/A       14%         3
 Frozen Ramparts          Ice            4%         1d1       14%         3
 Ignite Poison            Fire/Tmut/Pois 2%         N/A       14%         3
 Inner Flame              Hex/Fire       2%         N/A       14%         3
 Ozocubu's Armour         Ice            2%         N/A       14%         3
 Spider Form              Tmut/Pois      2%         N/A       14%         3
 Stone Arrow              Conj/Erth      4%         3d7       14%         3
 Tukima's Dance           Hex            2%         N/A       14%         3
 Corpse Rot               Necr/Pois/Air  4%         N/A       21%         4
 Dispersal                Tloc           4%         N/A       28%         6
 Malign Gateway           Summ/Tloc      6%         N/A       28%         7
 Lightning Bolt           Conj/Air       2%         1d14      38%         5
 Silence                  Hex/Air        2%         N/A       38%         5
 Anguish                  Hex/Necr       1%         N/A       45%         4
 Cause Fear               Hex            1%         N/A       45%         4
 Dispel Undead            Necr           2%         3d7       45%         4
 Flame Wave               Conj/Fire      2%         2d4       45%         4
 Fulminant Prism          Conj/Hex       1%         3d6       45%         4
 Hailstorm                Conj/Ice       2%         3d3       45%         4
 Ice Form                 Ice/Tmut       2%         N/A       45%         4
 Leda's Liquefaction      Hex/Erth       1%         N/A       45%         4
 Olgreb's Toxic Radiance  Pois           2%         N/A       45%         4
 Petrify                  Tmut/Erth      2%         N/A       45%         4
 Sticky Flame             Conj/Fire      2%         2d3       45%         4
 Freezing Cloud           Conj/Ice/Air   2%         6-21      52%         5
 Alistair's Intoxication  Tmut/Pois      1%         N/A       80%         5
 Blade Hands              Tmut           1%         N/A       80%         5
 Fireball                 Conj/Fire      1%         3d3       80%         5
 Irradiate                Conj/Tmut      1%         3d12      80%         5
 Iskenderun's Battlesphe  Conj           2%         2d6       80%         5
 Metabolic Englaciation   Hex/Ice        1%         N/A       80%         5
 Yara's Violent Unravell  Hex/Tmut       1%         3d3       80%         5
 Haunt                    Necr/Summ      5%         N/A       82%         7
 Spellforged Servitor     Conj/Summ      5%         N/A       82%         7
 Conjure Ball Lightning   Conj/Air       2%         3x3d6     92%         6
 Death Channel            Necr           1%         N/A       100%        6
 Eringya's Noxious Bog    Tmut/Pois      1%         N/A       100%        6
 Iron Shot                Conj/Erth      1%         9d1       100%        6
 Simulacrum               Ice/Necr       1%         N/A       100%        6
 Starburst                Conj/Fire      1%         6d3       100%        6
 Dragon Form              Tmut           1%         N/A       100%        7
 Enfeeble                 Hex            1%         N/A       100%        7
 Orb of Destruction       Conj           1%         9d5       100%        7
 Ozocubu's Refrigeration  Ice            1%         4d7       100%        7
 Storm Form               Tmut/Air       2%         N/A       100%        7
 Dragon's Call            Summ           8%         N/A       99%         9
 Borgnjor's Revivificati  Necr           1%         N/A       100%        8
 Discord                  Hex            1%         N/A       100%        8
 Ignition                 Fire           1%         3d3       100%        8
 Infestation              Necr           1%         N/A       100%        8
 Lehudib's Crystal Spear  Conj/Erth      1%         10d2      100%        8
 Maxwell's Capacitive Co  Air            4%         ∞         100%        8
 Necromutation            Tmut/Necr      1%         N/A       100%        8
 Chain Lightning          Conj/Air       2%         3d3       100%        9
 Death's Door             Necr           1%         N/A       100%        9
 Fire Storm               Conj/Fire      1%         7d1       100%        9
 Polar Vortex             Ice            1%         N/A       100%        9
 Shatter                  Erth           1%         3d5*      100%        9


Dungeon Overview and Level Annotations

Branches:
Dungeon (15/15)            Temple (1/1) D:5            Lair (5/5) D:9
 Shoals (4/4) Lair:2        Snake (4/4) Lair:3        Slime (5/5) Lair:4
    Orc (2/2) D:12            Elf (3/3) Orc:2        Vaults (5/5) D:14
  Crypt (3/3) Vaults:3       Tomb (0/3) Crypt:3      Depths (4/4) D:15
    Zot (0/5) Depths:4     Bailey (visited)         Desolation (visited)
Gauntlet (visited)

Altars:
Ashenzari
Cheibriados
Dithmenos
Elyvilon
Fedhas
Gozag
Hepliaklqana
Kikubaaqudgha
Makhleb
Nemelex Xobeh
Okawaru
Qazlal
Ru
Sif Muna
Trog
Uskayaw
Vehumet
Wu Jian
Xom
Yredelemnul
Zin
The Shining One
Jiyva
Lugonu

Shops:
D:2 ?   D:11 :   D:12 *   Orc:1 (   Orc:2 [=:=[   Shoals:1 (   Snake:1 !?
Snake:3 :   Snake:4 !   Vaults:3 *=?   Vaults:4 !   Depths:3 *   Depths:4 :=:

Portals:
Hell: Depths:1 Depths:2 Depths:3 Depths:4
Abyss: Lair:1 Depths:2 Depths:3 Depths:4
Pandemonium: Depths:2
Ziggurat: Depths:1
Trove: Vaults:2 (give 8 scrolls of blinking)

Annotations:
D:5 1 runed translucent door, Crazy Yiuf
D:12 3 runed translucent doors
Elf:1 6 runed translucent doors
Crypt:1 2 transporters


Innate Abilities, Weirdness & Mutations

Your life essence is reduced to manifest your ancestor. (-10% HP)
You have a beak for a mouth.
You have claws for feet.
Your magical nature lets you fly swiftly and evasively.
Your flesh is cold resistant. (rC+)
You expend magic power (3 MP) to strengthen your wands.
[You have an uncontrollable temper.]
[You are very clumsy. (Dex -4)]
[Armour fits poorly on your strangely shaped body.]
[Your body often deteriorates upon taking damage.]
[You are very dopey. (Int -4)]
[You are extremely frail. (-30% HP)]
[Your magical capacity is extremely low. (-30% MP)]
[You frequently scream uncontrollably at your foes.]
[You do not regenerate when monsters are visible.]
[((You are often teleported next to monsters.))]
[You are very weak. (Str -4)]
[Potions cannot restore your health.]
[Your spells are much easier to cast, but much less powerful.]
[You sometimes lose the ability to drink potions when taking damage.]
[You sometimes lose the ability to read scrolls when taking damage.]


Message History

The efreet struggles to escape constriction.
The smoke demon is engulfed in blazing flames.
The smoke demon gestures at you. Something smites you!
You feel threatened and lose the ability to read scrolls!
* * * LOW HITPOINT WARNING * * *
Your body deteriorates!
You feel clumsy.
The starcursed mass shrieks in your mind.
* * * LOW HITPOINT WARNING * * *
A spatial vortex comes into view.
You swap places.
The roots lose their grip on something. x2
The small abomination misses you.
The wretched star pulses with an eldritch light!
A spatial vortex comes into view.
Okay, then.
Fire: a) +9 heavy crossbow "Sniper" {vorpal, Acc+∞ SInv}
Press: ? - help, Q - select action Shift-Dir - straight line, f - small abomination
Aim: a small abomination (severely damaged, 100% to hit)
Okay, then.
Press: ? - help, v - describe, . - travel
Here: a small abomination (severely damaged)
The floor.
Fire: a) +9 heavy crossbow "Sniper" {vorpal, Acc+∞ SInv}
Press: ? - help, Q - select action Shift-Dir - straight line, f - spatial maelstrom
Aim: a spatial maelstrom (severely damaged, summoned, 100% to hit)
You shoot a bolt. The bolt hits the spatial maelstrom!!
You destroy the spatial maelstrom!
The spatial maelstrom dissolves into shadows!
The small abomination completely misses you.
Cheryl hits the spatial vortex with a +0 broad axe of speed. x2
Cheryl hits the small abomination with a +0 broad axe of speed.
Cheryl blocks the spatial vortex's attack.
Cheryl hits the spatial vortex with a +0 broad axe of speed!!
Cheryl hits the small abomination with a +0 broad axe of speed!
The small abomination is destroyed!
Cheryl hits the soul eater but does no damage.
Cheryl hits the spatial vortex with a +0 broad axe of speed!
A hellion comes into view.
The raiju bursts into living lightning!
The living lightning misses the raiju.
The living lightning misses you.
The raiju blinks! x3
Aiming: Dig
Press: ? - help, Shift-Dir - straight line A rock wall.
The rock shatters into small pieces.
A starcursed mass and a small abomination come into view.
Cheryl hits the spatial vortex with a +0 broad axe of speed!
Cheryl hits the spatial vortex with a +0 broad axe of speed.
Cheryl hits the raiju with a +0 broad axe of speed.
Cheryl hits the soul eater with a +0 broad axe of speed.
Cheryl blocks the spatial vortex's attack.
The soul eater barely misses you.
The wretched star pulses with an eldritch light!
Cheryl hits the spatial vortex with a +0 broad axe of speed!!
The spatial vortex dissipates!
Cheryl hits the spatial vortex with a +0 broad axe of speed!
Cheryl hits the raiju with a +0 broad axe of speed!
Cheryl hits the soul eater with a +0 broad axe of speed!
A starcursed mass splits.
A chorus of shrieks assaults your mind.
* * * LOW HITPOINT WARNING * * *
The raiju completely misses you.
A guardian serpent comes into view.
Cheryl hits the spatial vortex with a +0 broad axe of speed!!
Cheryl hits the soul eater with a +0 broad axe of speed.
Cheryl hits the efreet but does no damage.
Cheryl hits the raiju with a +0 broad axe of speed!
You hear a bark!
Press: ? - help, v - describe, . - travel
Here: a small abomination The floor.
Unknown command.
Cheryl is no longer moving quickly.
The spatial vortex hits Cheryl but does no damage.
The small abomination completely misses you.
The wretched star pulses with an eldritch light!
The soul eater draws from the surrounding life force!
* * * LOW HITPOINT WARNING * * *
The soul eater is healed.
Cheryl hits the spatial vortex with a +0 broad axe of speed!!
The spatial vortex dissipates!
Cheryl hits the soul eater with a +0 broad axe of speed!!
Cheryl hits the raiju with a +0 broad axe of speed.
Cheryl hits something with a +0 broad axe of speed!!
Cheryl blocks the raiju's attack.
The smoke demon completely misses you. x3
Cheryl gestures wildly while chanting.
Cheryl seems to speed up.
You cannot read scrolls in your current state!
You cannot drink potions in your current state!
Unknown command.
Unknown command.
A spatial vortex comes into view.
The small abomination hits you.
* * * LOW HITPOINT WARNING * * *
The guardian serpent casts a spell at you.
The starcursed mass blinks!
The starcursed mass blinks into view!
The wretched star pulses with an eldritch light!
The smoke demon gestures at you. Something smites you!
You die...

. . .# .# .. # ~~~.
#.#..##.##.. ~~~~ .§.
##.#.. # ≈~~~. ###...
.. ..X .# .~~~X
##..#.# .....#. #
.~≈≈~.#.###.#... ...
.#. .~~♣~§#XNX....#☼
.# .
.#~~≈♣x@3R*#.##X..#.*.
∩ .....h5X##v..#.°3#.
##..
.....3.#3R##.#.#v.X.
.. ~~~....#h#3#.#
##R33 ##.
≈≈≈....h##.*...#.☼....
# #≈≈...S ##.... ..3
.⌠ #≈~...2 .##..§. . §
#≈~.... . ##≈≈.. ⌠.
#≈#.... 8≈†⌠ ..≈8


You could see 3 starcursed masses, a naga warrior, a wretched star, a soul eater
(summoned), a spatial vortex, a guardian serpent, a smoke demon (summoned), a
hellion, an efreet (summoned), 2 raiju, a ynoxinul, a small abomination and a
crimson imp.

Vanquished Creatures
  the Royal Jelly (Slime:5)
  A dread lich (Vaults:5)
  2 ancient liches
  Mennas (Crypt:2)
  A golden dragon (Depths:1)
  Nikola (Shoals:2)
  Jory (Crypt:3)
  A bone dragon (Abyss:3)
  The ghost of HilariousDeathArtist the Champion of Chaos, an adept CeWn of Makhleb (Vaults:2)
  A tentacled monstrosity (Depths:3)
  Rupert (Lair:5)
  A Hell Sentinel (Abyss:2)
  5 liches
  A quicksilver dragon (Abyss:2)
  A titan (Vaults:5)
  A walking frostbound tome (Depths:4)
  Asterion (Elf:2)
  An Executioner (Abyss:3)
  3 ancient champions
  A kraken (Shoals:2)
  2 sphinxes
  11 acid blobs
  A tentacled starspawn (Abyss:1)
  6 tengu reavers
  2 storm dragons
  6 shadow dragons
  A revenant (Crypt:2)
  Kirke (Shoals:4)
  Donald (Vaults:1)
  2 daevas (Depths:3)
  4 nagarajas
  5 azure jellies (Slime:5)
  8 rockslimes
  7 frost giants
  4 deep elf sorcerers (Elf:3)
  6 fire giants
  An iron dragon (Vaults:5)
  12 vault wardens
  An imperial myrmidon (Desolation)
  2 juggernaut zombies
  An orc warlord (Bailey)
  Aizul (Shoals:3)
  8 ghouls
  2 deep elf elementalists (Elf:3)
  2 reapers
  2 spriggan defenders
  3 angels (Depths:3)
  7 quicksilver oozes
  7 ironbound thunderhulks
  11 ironbound preservers
  16 vampire knights
  7 stone giants
  A war gargoyle (Vaults:5)
  20 very ugly things
  10 deep elf demonologists
  2 lorocyprocas
  A black draconian (Depths:4)
  8 deep elf annihilators
  2 white draconians
  2 halazid warlocks (Desolation)
  A purple draconian (Depths:4)
  7 dire elephants
  Nessos (D:14)
  5 spark wasps
  2 crystal guardians
  6 eidola
  19 ettins
  A blizzard demon (Depths:1)
  A merfolk javelineer (Shoals:2)
  9 fire dragons
  9 deep elf death magi
  6 merfolk impalers
  6 servants of whispers (Desolation)
  4 ragged hierophants (Desolation)
  2 great orbs of eyes
  8 yaktaur captains
  Josephine (Lair:5)
  2 deep elf high priests
  28 vault guards
  2 spriggan zombies (Crypt:3)
  6 peacekeepers (Desolation)
  5 jiangshi
  A rakshasa (Depths:1)
  7 ice dragons
  An anaconda (shapeshifter) (Depths:2)
  3 salamander tyrants
  A caustic shrike simulacrum (Crypt:3)
  7 hydras
  4 spriggan air magi
  Erolcha (D:11)
  3 boulder beetles
  2 catoblepae
  3 merfolk avatars
  4 ogre magi
  Erica (D:8)
  An alligator snapping turtle (Shoals:4)
  4 merfolk aquamancers (Shoals:4)
  10 naga warriors
  22 centaur warriors
  7 ironbound frosthearts
  11 two-headed ogres
  3 death knights
  6 anacondas
  6 deep troll earth magi
  24 dancing weapons
  5 deep troll shamans
  A tengu warrior (Depths:1)
  A thrashing horror (Abyss:3)
  7 death yaks
  5 spriggan berserkers
  9 naga sharpshooters
  6 vampire magi
  5 shock serpents
  A hell knight (Depths:4)
  2 orc high priests
  Sonja (Lair:2)
  16 deep elf knights
  4 soul eaters
  A fire crab (shapeshifter) (D:12)
  A storm dragon zombie (Crypt:3)
  6 wretched stars
  2 shadow wraiths
  A fire crab (Gauntlet)
  7 iron trolls
  3 golden dragon zombies
  12 skeletal warriors
  2 goliath frogs (shapeshifter) (Vaults:5)
  A titan skeleton (Crypt:3)
  2 swamp dragons (Lair:4)
  5 glowing orange brains
  5 flayed ghosts
  4 naga ritualists
  A steelbarb worm (shapeshifter) (Vaults:5)
  2 salamander mystics
  34 deep trolls
  7 sea snakes
  20 harpies
  7 wizards
  3 bog bodies
  A shadow dragon zombie (Depths:3)
  6 lindwurms
  9 deep elf archers
  13 large abominations
  8 necromancers
  A mana viper (shapeshifter) (Depths:2)
  26 ironbound convokers
  19 deep elf zephyrmancers
  2 shining eyes
  37 ugly things
  13 phantasmal warriors
  2 orc sorcerers
  3 fauns (Shoals:3)
  A shadow dragon skeleton (D:15)
  24 deep elf pyromancers
  6 mana vipers
  6 cyclopes
  16 manticores
  2 merfolk sirens
  10 salamanders
  A dire elephant zombie (Crypt:2)
  A fire giant skeleton (D:15)
  Joseph (D:8)
  A centaur zombie (Crypt:2)
  An elephant (shapeshifter) (Vaults:3)
  10 water nymphs
  An eye of devastation (Slime:1)
  A water nymph (shapeshifter) (Depths:4)
  6 guardian serpents
  14 vault sentinels
  An alligator snapping turtle zombie (Crypt:1)
  19 naga magi
  A torpor snail (Lair:1)
  35 black mambas
  10 cane toads
  2 gargoyles (D:12)
  A storm dragon simulacrum (Crypt:2)
  A smoke demon (Abyss:2)
  5 unseen horrors
  4 orange demons
  A demonic crawler (Abyss:3)
  2 rime drakes
  10 tengu conjurers
  An ice devil (Depths:2)
  3 komodo dragons
  7 freezing wraiths
  A rime drake (shapeshifter) (D:13)
  7 kobold demonologists
  11 yaktaurs
  2 efreet
  A black draconian skeleton (Crypt:2)
  An ancient zyme (Abyss:3)
  A red devil (Depths:2)
  14 trolls
  18 merfolk
  4 hornets
  2 raiju (Abyss:2)
  A tarantella (shapeshifter) (Elf:2)
  A death drake skeleton (Crypt:2)
  41 saltlings (Desolation)
  9 blink frogs
  68 slime creatures
  11 snapping turtles
  7 dream sheep
  A boulder beetle zombie (Crypt:2)
  A harpy skeleton (Crypt:2)
  A snapping turtle (shapeshifter) (Vaults:2)
  An alligator zombie (Crypt:2)
  A culicivora (shapeshifter) (Vaults:5)
  A satyr skeleton (Crypt:1)
  30 vampires (Crypt:3)
  5 wraiths
  7 small abominations
  13 starcursed masses
  A guardian serpent skeleton (Crypt:3)
  2 fire bats (Gauntlet)
  3 ynoxinuls (Abyss:3)
  35 yaks
  7 wyverns
  3 fire elementals
  10 water elementals
  Grum (D:8)
  A golden eye (Slime:4)
  3 basilisks
  A redback (Lair:5)
  A steam dragon (D:8)
  4 chaos spawn
  3 neqoxecs
  12 vampire mosquitoes
  A swamp worm (Lair:4)
  A merfolk zombie (Crypt:2)
  A naga zombie (Crypt:3)
  4 wargs
  30 nagas
  14 water moccasins
  2 acid dragons
  Duvessa (D:5)
  2 swamp drakes (Lair:4)
  2 sky beasts
  29 orc warriors
  5 black bears
  A deep troll simulacrum (Vaults:2)
  A swamp dragon zombie (Crypt:1)
  4 boggarts (D:15)
  26 ogres
  14 wolves
  4 phantoms
  4 centaurs
  7 kobold brigands
  A gnoll sergeant (D:7)
  2 komodo dragon zombies
  9 bullfrogs
  2 necrophages
  An earth elemental (Elf:2)
  A cyclops zombie (Crypt:3)
  4 scorpions
  A yaktaur skeleton (Crypt:2)
  A polar bear zombie (Crypt:1)
  Dowan (D:5)
  A cyclops skeleton (Crypt:1)
  An electric eel (D:14)
  A vampire bat (D:3)
  17 howler monkeys
  5 crimson imps
  3 quasits
  A wolf skeleton (Crypt:3)
  17 orc priests
  4 gnoll boudas (D:6)
  7 hounds
  Jessica (D:2)
  A hell rat (D:9)
  3 iguanas (D:5)
  29 orc wizards
  5 ogre zombies
  A deep dwarf skeleton (Crypt:1)
  25 gnolls
  A steam dragon zombie (Crypt:1)
  8 adders
  3 river rats (D:9)
  A steam dragon skeleton (Crypt:1)
  2 shadow imps
  3 white imps
  2 worms
  56 orcs
  2 bat skeletons (D:3)
  4 bat zombies (D:3)
  4 endoplasms
  2 giant cockroaches (D:1)
  15 hobgoblins
  4 jackals
  6 quokkas
  3 training dummies (Orc:1)
  7 ball pythons
  4 bats
  3 frilled lizards
  18 goblins
  2 goblin skeletons (D:12)
  2 goblin zombies (D:12)
  4 hobgoblin zombies
  13 kobolds
  2 orc skeletons (D:12)
  6 orc zombies (D:12)
  11 rats
  2 lurking horrors
  4 starspawn tentacles
  3 tentacles
1863 creatures vanquished.

Vanquished Creatures (collateral kills)
  A dread lich (Vaults:5)
  2 juggernauts
  Vashnia (Snake:4)
  A golden dragon (Depths:4)
  2 deep elf blademasters (Elf:3)
  3 liches
  A quicksilver dragon (Vaults:5)
  A titan (Vaults:5)
  2 krakens
  An ancient champion (Crypt:2)
  2 deep elf master archers (Elf:3)
  A sphinx (Vaults:5)
  2 tentacled starspawn
  2 acid blobs
  2 rockslimes (Slime:5)
  A nagaraja (Snake:3)
  A daeva (Depths:3)
  2 azure jellies (Slime:5)
  A fire giant (Vaults:2)
  4 shadow dragons
  4 frost giants
  3 vault wardens (Vaults:5)
  A deep elf sorcerer (Elf:3)
  An imperial myrmidon (Desolation)
  2 deep elf elementalists (Elf:3)
  A draconian annihilator (Depths:4)
  A ghoul (Crypt:2)
  7 ironbound preservers
  2 quicksilver oozes (Slime:5)
  A spriggan defender (Depths:4)
  6 stone giants
  4 ironbound thunderhulks
  11 very ugly things
  3 deep elf demonologists
  3 vampire knights
  A black draconian (Depths:4)
  A minotaur (Gauntlet)
  A deep elf annihilator (Vaults:5)
  A dire elephant (Vaults:2)
  3 deep elf death magi
  3 ettins
  3 jiangshi
  2 eidola (Crypt:1)
  2 deep elf high priests (Elf:3)
  2 merfolk javelineers (Shoals:4)
  2 fire dragons
  A green death (Depths:2)
  A quicksilver dragon zombie (Crypt:3)
  2 servants of whispers (Desolation)
  2 yaktaur captains
  6 vault guards
  4 hydras
  3 ice dragons
  3 great orbs of eyes
  3 ragged hierophants (Desolation)
  2 ogre magi
  A fenstrider witch zombie (Crypt:3)
  An alligator snapping turtle (Shoals:3)
  2 spriggan air magi
  An ironbound frostheart (Vaults:2)
  A merfolk avatar (Shoals:4)
  4 catoblepae
  A peacekeeper (Desolation)
  A death knight (Crypt:1)
  7 two-headed ogres
  An anaconda (Snake:2)
  5 centaur warriors
  5 merfolk aquamancers
  2 deep troll shamans
  A satyr (Shoals:4)
  2 deep troll earth magi (Depths:4)
  2 thrashing horrors (Abyss:3)
  3 vampire magi
  A naga warrior (Snake:2)
  2 death yaks (Depths:2)
  4 dancing weapons (Elf:2)
  A shock serpent (Snake:4)
  2 orc high priests
  5 naga sharpshooters
  7 deep elf knights
  A spriggan berserker (Depths:1)
  A skeletal warrior (Crypt:3)
  A wretched star (Abyss:3)
  Nergalle (D:11)
  14 starcursed masses (Abyss:3)
  4 sea snakes
  A glowing orange brain (Depths:2)
  11 deep trolls
  A flayed ghost (Crypt:2)
  A naga ritualist (Snake:4)
  A golden dragon zombie (Crypt:3)
  A spriggan simulacrum (Crypt:1)
  5 deep elf archers
  3 lindwurms
  2 phantasmal warriors
  6 deep elf pyromancers
  A nameless horror (Depths:4)
  A necromancer (Crypt:3)
  A tengu zombie (D:15)
  4 ironbound convokers (Vaults:2)
  6 harpies
  15 ugly things
  An orc knight (Vaults:5)
  A deep elf zephyrmancer (Elf:2)
  2 mana vipers (Snake:2)
  5 cyclopes
  A wolf spider (Lair:5)
  2 fauns (Shoals:3)
  2 manticores (Shoals:4)
  A sphinx skeleton (Crypt:1)
  An orc sorcerer (Elf:2)
  3 large abominations (Abyss:3)
  6 salamanders
  A guardian serpent (Snake:2)
  A vault sentinel (Vaults:4)
  4 naga magi
  2 smoke demons
  Maurice (D:8)
  2 water nymphs
  15 black mambas
  4 cane toads
  2 minotaur zombies (Gauntlet)
  A rime drake (Lair:4)
  A hellion (Abyss:3)
  A freezing wraith (Crypt:2)
  A komodo dragon (shapeshifter) (D:15)
  5 yaktaurs
  A kobold demonologist (D:10)
  3 komodo dragons
  A bunyip simulacrum (Crypt:2)
  An ancient zyme (Abyss:3)
  4 trolls
  A troll (shapeshifter) (Vaults:5)
  A harpy zombie (Crypt:2)
  10 merfolk
  3 raiju
  A tyrant leech (Lair:4)
  2 wind drakes
  10 saltlings (Desolation)
  3 harpy skeletons
  3 hornets (Depths:4)
  A culicivora zombie (Crypt:2)
  8 dream sheep
  2 blink frogs (Lair:5)
  47 slime creatures
  4 spriggans
  2 shadows (D:12)
  2 vampires (Crypt:3)
  A ynoxinul (Depths:2)
  5 wyverns (Lair:5)
  3 fire elementals
  2 wraiths
  13 yaks
  3 golden eyes (Slime:4)
  2 chaos spawn (Depths:4)
  3 vampire mosquitoes
  4 spatial vortices (Abyss:3)
  A warg (Vaults:5)
  8 nagas
  3 water moccasins
  A fire bat skeleton (Crypt:1)
  6 orc warriors
  A glowing shapeshifter skeleton (Vaults:2)
  2 wolves
  5 ogres
  A boggart (D:15)
  2 human skeletons
  An elf simulacrum (Vaults:2)
  A kobold brigand (D:13)
  2 small abominations
  A necrophage (Crypt:3)
  A human simulacrum (Vaults:2)
  2 troll zombies (D:12)
  An orc priest (D:8)
  6 orc wizards
  2 ogre zombies (D:12)
  A gnoll (Bailey)
  2 shadow imps (Gauntlet)
  An ufetubus (Abyss:3)
  14 orcs
  2 goblins (Bailey)
  A hobgoblin (Bailey)
  9 kobolds
  A goblin skeleton (D:12)
  A goblin zombie (D:12)
  A hobgoblin zombie (D:12)
  7 orc zombies (D:12)
  A rat skeleton (Crypt:2)
  A starspawn tentacle (Abyss:1)
  4 tentacles
580 creatures vanquished.

Vanquished Creatures (others)
  A deep elf archer (Elf:1)
  A cyclops (Shoals:4)
  A water nymph (Shoals:2)
  A merfolk (Shoals:2)
  3 humans (Shoals:4)
  A swamp worm (Lair:4)
  23 knights
  13 ancestors
  2 orc wizards
  An orc (Elf:1)
  2 demonic plants (D:10)
  19 fungi
  141 plants
  3 starspawn tentacles
  6 tentacles
  9 withered plants (D:15)
227 creatures vanquished.

Grand Total: 2670 creatures vanquished

Notes
Turn   | Place    | Note
-------+----------+-------------------------------------------
     0 | D:1      | RKaid the Tengu Hunter began the quest for the Orb.
     0 | D:1      | Reached XP level 1. HP: 12/12 MP: 2/2
    49 | D:1      | HP: 3/12 [quokka (3)]
   335 | D:1      | Found a faded altar of an unknown god.
   408 | D:1      | Reached XP level 2. HP: 17/17 MP: 3/3
  1290 | D:2      | Reached XP level 3. HP: 22/22 MP: 4/4
  1349 | D:2      | Reached skill level 5 in Ranged Weapons
  1482 | D:2      | Found Xoodoxzu's Magic Scroll Boutique.
  1554 | D:2      | Bought a scroll of identify for 24 gold pieces
  1731 | D:2      | Reached XP level 4. HP: 21/27 MP: 3/5
  1848 | D:2      | Noticed Jessica
  1853 | D:2      | Killed Jessica
  1854 | D:2      | Reached skill level 3 in Dodging
  2496 | D:3      | Found a radiant altar of Vehumet.
  2728 | D:3      | Found an ancient bone altar of Kikubaaqudgha.
  2733 | D:3      | Reached skill level 3 in Fighting
  2733 | D:3      | Gained mutation: Your magical nature lets you fly swiftly
                  | and evasively. [Tengu growth]
  2733 | D:3      | Reached XP level 5. HP: 28/32 MP: 6/6
  2935 | D:3      | Reached skill level 6 in Ranged Weapons
  3221 | D:4      | Reached XP level 6. HP: 37/37 MP: 7/7
  3471 | D:4      | Reached skill level 4 in Dodging
  3987 | D:5      | Entered Level 5 of the Dungeon
  4017 | D:5      | Reached skill level 7 in Ranged Weapons
  4017 | D:5      | Reached XP level 7. HP: 28/42 MP: 5/8
  4089 | D:5      | Reached skill level 4 in Fighting
  4489 | D:5      | HP: 9/44 [phantom (5)]
  4493 | D:5      | Reached skill level 5 in Dodging
  4819 | D:5      | Noticed Dowan
  4848 | D:5      | Found a staircase to the Ecumenical Temple.
  4855 | Temple   | Entered the Ecumenical Temple
  5059 | Temple   | Became a worshipper of Hepliaklqana the Forgotten
  5086 | D:5      | Reached skill level 8 in Ranged Weapons
  5086 | D:5      | Reached XP level 8. HP: 36/48 MP: 6/9
  5203 | D:5      | Noticed Duvessa
  5288 | D:5      | Killed Duvessa
  5291 | D:5      | Killed Dowan
  5663 | D:5      | Found a runed translucent door.
  5664 | D:5      | Noticed Crazy Yiuf
  5737 | D:5      | Reached skill level 5 in Fighting
  5976 | D:6      | HP: 10/49 [centaur/arrow (11)]
  5987 | D:6      | Reached skill level 9 in Ranged Weapons
  6207 | D:6      | Found an ornate altar of the Wu Jian Council.
  6279 | D:5      | Reached skill level 6 in Dodging
  6607 | D:6      | Reached XP level 9. HP: 55/55 MP: 10/10
  6619 | D:6      | Reached skill level 6 in Fighting
  6619 | D:6      | Reached skill level 10 in Ranged Weapons
  6934 | D:6      | Reached skill level 7 in Dodging
  7066 | D:6      | Found the +1 Delatra's gloves {ID++}
  7911 | D:6      | Reached skill level 11 in Ranged Weapons
  8161 | D:6      | Reached skill level 7 in Fighting
  8331 | D:6      | Noticed a troll
  8341 | D:6      | Killed a troll
  8342 | D:6      | Reached XP level 10. HP: 31/63 MP: 5/11
  8654 | D:6      | Reached skill level 8 in Dodging
  9056 | D:6      | Reached skill level 12 in Ranged Weapons
  9996 | D:7      | Reached * piety under Hepliaklqana
 10008 | D:7      | Found a white marble altar of Elyvilon.
 10009 | D:7      | Found a snail-covered altar of Cheibriados.
 11113 | D:8      | Noticed Erica
 11131 | D:8      | Killed Erica
 11132 | D:8      | Reached skill level 8 in Fighting
 11140 | D:8      | Reached skill level 9 in Dodging
 11159 | D:8      | Noticed Maurice
 11223 | D:8      | Reached skill level 13 in Ranged Weapons
 11262 | D:8      | Killed Maurice
 11268 | D:8      | Noticed Grum
 11284 | D:8      | Killed Grum
 11297 | D:8      | Reached XP level 11. HP: 36/62 MP: 6/12
 11337 | D:8      | Identified the +3 ice dragon scales of the Bull {rF- rC++
                  | rN+ rCorr Int+3}
 11349 | D:8      | Found a flagged portal.
 11372 | Bailey   | Entered a bailey
 12001 | Bailey   | HP: 15/62 [orc warrior/+0 war axe (7)]
 12299 | Bailey   | Noticed an orc warlord
 12307 | Bailey   | Killed an orc warlord
 12308 | Bailey   | Reached skill level 9 in Fighting
 12308 | Bailey   | Reached skill level 14 in Ranged Weapons
 12459 | D:8      | Reached ** piety under Hepliaklqana
 12701 | D:8      | Noticed Joseph
 12714 | D:8      | Killed Joseph
 13147 | D:8      | Found a blossoming altar of Fedhas.
 13331 | D:9      | Reached skill level 10 in Dodging
 13405 | D:8      | Acquired a +1 arbalest of flaming
 13411 | D:8      | Acquired 494 gold pieces
 13539 | D:9      | Found an opulent altar of Gozag.
 13826 | D:9      | Noticed a death yak
 13827 | D:9      | Noticed a death yak
 13843 | D:9      | Killed a death yak
 13887 | D:9      | Noticed a death yak
 13977 | D:8      | Killed a death yak
 14061 | D:8      | Killed a death yak
 14062 | D:8      | Reached skill level 15 in Ranged Weapons
 14164 | D:9      | Found a staircase to the Lair.
 14522 | D:10     | Entered Level 10 of the Dungeon
 14633 | D:10     | Reached XP level 12. HP: 69/69 MP: 13/13
 14660 | D:10     | Remembered your ancestor Cheryl as a knight
 14694 | D:10     | Found a corrupted altar of Lugonu.
 14782 | D:10     | Reached skill level 1 in Invocations
 15021 | D:10     | Reached *** piety under Hepliaklqana
 15089 | D:10     | Found a shimmering blue altar of Sif Muna.
 15212 | Lair:1   | Entered Level 1 of the Lair of Beasts
 15360 | Lair:1   | Found a corrupted altar of Lugonu.
 15360 | Lair:1   | Found a one-way gate to the infinite horrors of the Abyss.
 15511 | Lair:1   | Reached skill level 10 in Fighting
 15600 | Lair:1   | Noticed a five-headed hydra
 15604 | Lair:1   | Killed a five-headed hydra
 15605 | Lair:1   | Reached skill level 11 in Dodging
 15637 | Lair:1   | Reached skill level 2 in Invocations
 16269 | Lair:1   | Reached **** piety under Hepliaklqana
 16373 | Lair:1   | Reached skill level 16 in Ranged Weapons
 16373 | Lair:1   | Reached skill level 3 in Invocations
 17188 | Lair:2   | Noticed Sonja
 17528 | Lair:2   | Killed Sonja
 18209 | Lair:3   | Noticed a catoblepas
 18214 | Lair:3   | Killed a catoblepas
 18275 | Lair:3   | Reached XP level 13. HP: 74/74 MP: 16/16
 18342 | Lair:3   | Reached skill level 4 in Invocations
 18597 | Lair:3   | Found a staircase to the Snake Pit.
 18728 | Lair:3   | Reached skill level 11 in Fighting
 18728 | Lair:3   | Reached skill level 12 in Dodging
 19274 | Lair:4   | Reached ***** piety under Hepliaklqana
 19311 | Lair:2   | Found a staircase to the Shoals.
 19391 | Lair:4   | Reached skill level 17 in Ranged Weapons
 19656 | Lair:4   | Found a viscous altar of Jiyva.
 19657 | Lair:4   | Found a staircase to the Slime Pits.
 20097 | Lair:4   | HP: 18/75 [swamp dragon/blast of poison (2)]
 20102 | Lair:4   | Reached skill level 5 in Invocations
 20965 | Lair:5   | Entered Level 5 of the Lair of Beasts
 21023 | Lair:5   | Noticed Josephine
 21330 | Lair:5   | Noticed Rupert
 21508 | Lair:5   | Killed Josephine
 21638 | Lair:5   | Reached XP level 14. HP: 65/81 MP: 15/19
 21640 | Lair:5   | Reached skill level 6 in Invocations
 21689 | Lair:5   | Reached skill level 18 in Ranged Weapons
 21791 | Lair:5   | Reached skill level 13 in Dodging
 22032 | Lair:5   | Reached skill level 12 in Fighting
 22525 | Lair:5   | Killed Rupert
 22530 | Lair:5   | Gained mutation: [You are frail. (-10% HP)] [potion of
                  | mutation]
 22530 | Lair:5   | Gained mutation: [You occasionally lose the ability to read
                  | scrolls when taking damage.] [potion of mutation]
 23105 | D:11     | Noticed Erolcha
 23109 | D:11     | Killed Erolcha
 23177 | D:11     | Found Ocor's Book Shop.
 23259 | D:11     | Found a shimmering altar of Xom.
 23365 | D:11     | Noticed Nergalle
 23369 | D:11     | Killed Nergalle
 23815 | D:12     | Found a runed translucent gate.
 23815 | D:12     | Found a runed translucent gate.
 23815 | D:12     | Found a runed translucent gate.
 23922 | D:12     | Found a staircase to the Orcish Mines.
 23965 | D:12     | Found Gino's Assorted Antiques.
 23985 | D:12     | Identified the +1 leather armour "Iggijiol" {rF++ Regen+
                  | Str+4 Stlth-}
 23996 | D:12     | Bought a scroll of identify for 56 gold pieces
 23996 | D:12     | Bought a scroll of immolation for 112 gold pieces
 23996 | D:12     | Bought a scroll of identify for 56 gold pieces
 23996 | D:12     | Bought a potion of mutation for 224 gold pieces
 24005 | D:12     | Lost mutation: [You occasionally lose the ability to read
                  | scrolls when taking damage.] [potion of mutation]
 24005 | D:12     | Lost mutation: [You are frail. (-10% HP)] [potion of
                  | mutation]
 24005 | D:12     | Gained mutation: You have a pair of small horns on your
                  | head. [potion of mutation]
 24005 | D:12     | Gained mutation: You are strong-willed. (Will+) [potion of
                  | mutation]
 24155 | D:12     | Reached skill level 7 in Invocations
 24282 | D:12     | Found a blossoming altar of Fedhas.
 24510 | D:12     | Identified the +3 quarterstaff "Teublide" {vorpal, Drain
                  | rElec rPois rC++}
 24574 | D:12     | Reached skill level 19 in Ranged Weapons
 24895 | D:12     | Found a basalt altar of Yredelemnul.
 24895 | D:12     | Found a sparkling altar of Nemelex Xobeh.
 24897 | D:12     | Found a basalt altar of Yredelemnul.
 24897 | D:12     | Found a stormy altar of Qazlal.
 25272 | D:13     | Reached XP level 15. HP: 87/87 MP: 21/21
 25281 | D:13     | Reached skill level 1 in Evocations
 25553 | D:13     | Reached skill level 2 in Evocations
 25643 | D:13     | Reached skill level 14 in Dodging
 25877 | D:14     | Noticed Nessos
 25882 | D:14     | Killed Nessos
 25947 | D:14     | Reached skill level 13 in Fighting
 26082 | D:14     | Reached skill level 8 in Invocations
 26342 | D:14     | Reached skill level 3 in Evocations
 26546 | D:14     | Found a gate to the Vaults.
 26765 | D:14     | Reached ****** piety under Hepliaklqana
 27020 | D:15     | Entered Level 15 of the Dungeon
 27082 | D:15     | Reached skill level 4 in Evocations
 27102 | D:15     | Found a gate leading to a gauntlet.
 27115 | Gauntlet | Entered a Gauntlet
 27115 | Gauntlet | Found a transporter.
 27115 | Gauntlet | Found a transporter.
 27117 | Gauntlet | Found a transporter.
 27118 | Gauntlet | Found a transporter.
 27121 | Gauntlet | Found a transporter.
 27127 | Gauntlet | Found a transporter.
 27129 | Gauntlet | Found a transporter.
 27130 | Gauntlet | Found a transporter.
 27132 | Gauntlet | Found a transporter.
 27140 | Gauntlet | Found a transporter.
 27140 | Gauntlet | Found a transporter.
 27196 | Gauntlet | Found a transporter.
 27424 | Gauntlet | Identified the ring "Zuateg" {rPois Int+2}
 27445 | Gauntlet | Identified the +1 troll leather armour of Duty {Rampage
                  | Regen+ Int+2}
 27511 | Gauntlet | Identified the +5 rapier of Fimbulwinter {flame, MP+9
                  | Dex+6}
 27580 | D:15     | HP: 6/89 [white ugly thing (24)]
 28001 | D:15     | Acquired a manual of Invocations
 28068 | D:15     | Reached skill level 5 in Evocations
 28408 | D:15     | Found a staircase to the Depths.
 28601 | Orc:1    | Entered Level 1 of the Orcish Mines
 28663 | Orc:1    | Reached XP level 16. HP: 94/94 MP: 23/23
 28787 | Orc:1    | Found a bloodstained altar of Trog.
 28817 | Orc:1    | Reached skill level 20 in Ranged Weapons
 29016 | Orc:1    | Found Vaops's Firing Range.
 29076 | Orc:2    | Entered Level 2 of the Orcish Mines
 29076 | Orc:2    | Found Imuhuwi's Book Shoppe.
 29083 | Orc:2    | Reached skill level 15 in Dodging
 29098 | Orc:1    | Reached skill level 9 in Invocations
 29326 | Orc:2    | Reached skill level 14 in Fighting
 29789 | Orc:2    | Found Rieken's Jewellery Emporium.
 29805 | Orc:2    | Found Vybbulann's Jewellery Boutique.
 29829 | Orc:2    | Found Gecu's Armour Shoppe.
 29969 | Orc:2    | Found a staircase to the Elven Halls.
 30035 | Orc:2    | Found Doewilell's Antique Armour Shoppe.
 30044 | Orc:2    | Bought a runed hat for 210 gold pieces
 30359 | Orc:2    | Bought the ring of Ruheded {rElec rPois Will+++ rCorr
                  | Dex+6} for 1317 gold pieces
 30597 | Snake:1  | Entered Level 1 of the Snake Pit
 30669 | Snake:1  | Reached skill level 10 in Invocations
 31103 | Snake:1  | Found Qusa's Magic Scroll Emporium.
 31103 | Snake:1  | Found Harch's Distillery.
 31220 | Snake:1  | Bought a potion of heal wounds for 70 gold pieces
 31226 | Snake:1  | Bought a scroll of teleportation for 57 gold pieces
 31226 | Snake:1  | Bought a scroll of teleportation for 57 gold pieces
 32044 | Snake:2  | Noticed a nagaraja
 32052 | Snake:2  | Killed a nagaraja
 32053 | Snake:2  | Reached skill level 11 in Invocations
 32306 | Snake:2  | Reached skill level 16 in Dodging
 32407 | Snake:2  | Reached XP level 17. HP: 100/100 MP: 17/26
 32683 | Snake:2  | Found a runed translucent gate.
 32683 | Snake:2  | Found a runed translucent gate.
 32683 | Snake:2  | Found a runed translucent gate.
 32915 | Snake:2  | Reached skill level 15 in Fighting
 33176 | Snake:3  | Reached skill level 12 in Invocations
 33199 | Snake:3  | Reached skill level 21 in Ranged Weapons
 33268 | Snake:3  | Found Giewnich's Self-Improvement Boutique.
 33791 | Snake:4  | Entered Level 4 of the Snake Pit
 34128 | Snake:4  | Found Axzikk's Distillery.
 34140 | Snake:4  | Noticed Vashnia
 34150 | Snake:4  | Killed Vashnia
 34738 | Snake:4  | Reached skill level 13 in Invocations
 34828 | Snake:4  | Reached skill level 17 in Dodging
 35053 | Snake:4  | Reached XP level 18. HP: 108/108 MP: 29/29
 35124 | Snake:4  | Got a serpentine rune of Zot
 35533 | Orc:1    | Bought a +0 triple crossbow for 140 gold pieces
 35753 | Shoals:1 | Entered Level 1 of the Shoals
 35764 | Shoals:1 | Found Hyrghike's Antique Weapon Shop.
 36212 | Shoals:1 | Reached skill level 16 in Fighting
 36633 | Shoals:2 | Reached skill level 14 in Invocations
 36812 | Shoals:2 | Noticed Nikola
 36823 | Shoals:2 | HP: 6/108 [Nikola/arc of chain lightning (34)]
 36993 | Shoals:2 | Killed Nikola
 37921 | Shoals:3 | Reached skill level 22 in Ranged Weapons
 38162 | Shoals:3 | Noticed Aizul
 38166 | Shoals:3 | Killed Aizul
 38605 | Shoals:4 | Entered Level 4 of the Shoals
 38655 | Shoals:4 | Reached skill level 15 in Invocations
 38693 | Shoals:4 | Noticed Kirke
 38696 | Shoals:4 | Killed Kirke
 38697 | Shoals:4 | Reached skill level 18 in Dodging
 38706 | Shoals:4 | Got the Monograph on Non-Euclidean Pestilence
 38991 | Shoals:4 | Reached XP level 19. HP: 114/114 MP: 31/31
 39009 | Shoals:4 | Got a barnacled rune of Zot
 39110 | Shoals:4 | Identified the ring of Dalez {Wiz Int+2 Dex+4}
 39372 | Shoals:4 | Got the Compilation of the Sneaky Thickets
 39402 | Shoals:4 | Reached skill level 17 in Fighting
 39972 | Elf:1    | Entered Level 1 of the Elven Halls
 40060 | Elf:1    | Found a crumbling gateway.
 40078 | Desolati | Entered the Desolation of Salt
 40695 | Desolati | Identified the ring "Zoarywn" {Will+ Dex+5}
 40718 | Desolati | Found the +3 pair of seven-league boots {Rampage+∞}
 40736 | Desolati | Got the Textbook on Macabre Toxins
 41003 | Desolati | Got the Exposition on the Snowflakes and Shapeshifting
 41019 | Desolati | Identified the ring "Faeten" {rF++ Int+6 SInv}
 41024 | Desolati | Identified the ring "Ileygh" {rN+ Will+}
 41053 | Desolati | Identified the +1 mace "Menlyrgh" {holy, rElec rCorr}
 41060 | Desolati | Got Oheisous's Incunabulum of Metamorphic Convocation
 41063 | Desolati | Got the Essays on the Glacier and Direction
 41263 | Desolati | Reached skill level 19 in Dodging
 41275 | Desolati | Identified the amulet of Hostrad {RegenMP rElec rC+ rCorr
                  | Str+3}
 41805 | Elf:1    | Reached skill level 16 in Invocations
 41819 | Elf:1    | Learned a level 1 spell: Apportation
 41823 | Elf:1    | Learned a level 3 spell: Portal Projectile
 41871 | Elf:1    | Reached skill level 1 in Translocations
 42010 | Elf:1    | Reached skill level 23 in Ranged Weapons
 42016 | Elf:1    | Reached XP level 20. HP: 122/122 MP: 33/33
 42074 | Elf:1    | Reached skill level 2 in Translocations
 42326 | Elf:1    | Found a runed translucent gate.
 42326 | Elf:1    | Found a runed translucent gate.
 42326 | Elf:1    | Found a runed translucent gate.
 42326 | Elf:1    | Found a runed translucent gate.
 42326 | Elf:1    | Found a runed translucent gate.
 42327 | Elf:1    | Found a runed translucent gate.
 42853 | Elf:2    | Reached skill level 3 in Translocations
 42889 | Elf:2    | Found a runed translucent gate.
 42890 | Elf:2    | Found a runed translucent gate.
 42890 | Elf:2    | Found a runed translucent gate.
 42907 | Elf:2    | Identified the +2 leather armour of the Tired Spirits
                  | {rC++}
 43074 | Elf:2    | Reached skill level 4 in Translocations
 43347 | Elf:2    | Noticed Asterion
 43354 | Elf:2    | Reached skill level 18 in Fighting
 43357 | Elf:2    | Killed Asterion
 43419 | Elf:2    | Reached skill level 5 in Translocations
 43810 | Elf:3    | Entered Level 3 of the Elven Halls
 44162 | Elf:2    | Found an ancient bone altar of Kikubaaqudgha.
 44434 | Elf:3    | Reached skill level 6 in Translocations
 44562 | Elf:3    | Identified the +6 quarterstaff "Leyly" {drain, Str+3 Int+4}
 44562 | Elf:3    | Identified the ring of Woraj {rPois Str+4}
 44616 | Elf:3    | Identified the +7 hand axe "Fiuwen" {elec, rF++ rN+ Will+
                  | Stlth-}
 44616 | Elf:3    | Identified the amulet of Pugimiz {Faith rPois rF++ Str-3
                  | SInv}
 44620 | Elf:3    | Identified the +6 flail of Doiggynk {distort, Str-3 Dex+3
                  | SInv}
 44651 | Elf:3    | Reached XP level 21. HP: 72/127 MP: 16/34
 45090 | Shoals:1 | Bought the +9 heavy crossbow "Sniper" {vorpal, Acc+∞ SInv}
                  | for 2136 gold pieces
 45090 | Shoals:1 | Found the +9 heavy crossbow "Sniper" {vorpal, Acc+∞ SInv}
 45439 | Elf:3    | Reached skill level 20 in Dodging
 45439 | Elf:3    | Reached skill level 7 in Translocations
 45565 | Elf:3    | Got the Encyclopedia of the Boar
 45572 | Elf:3    | Learned a level 2 spell: Blink
 45577 | Elf:3    | Learned a level 4 spell: Passage of Golubria
 45633 | Elf:3    | Found the +2 hat of the Bear Spirit {Spirit, *Rage Will++}
 45687 | Elf:3    | Identified the ring of the Nine Ageing Loafs {rCorr Str+4
                  | Int+4 SInv}
 46257 | Vaults:1 | Entered Level 1 of the Vaults
 46537 | Vaults:1 | Reached skill level 8 in Translocations
 46827 | Vaults:1 | Noticed Donald
 46830 | Vaults:1 | Killed Donald
 46831 | Vaults:1 | Reached skill level 24 in Ranged Weapons
 47083 | Vaults:1 | Reached skill level 19 in Fighting
 47551 | Vaults:2 | Found a transporter.
 47551 | Vaults:2 | Noticed HilariousDeathArtist's ghost (adept CeWn)
 47554 | Vaults:2 | Identified the +6 great mace of the Gnashing Gods {flame,
                  | rPois}
 47958 | Vaults:2 | Reached XP level 22. HP: 135/135 MP: 35/35
 48098 | Vaults:2 | Reached skill level 21 in Dodging
 48515 | Vaults:2 | Found a portal to a secret trove of treasure.
 48627 | Vaults:2 | Found a transporter.
 48651 | Vaults:2 | Killed HilariousDeathArtist's ghost
 48668 | Vaults:2 | Identified the +0 chain mail of the Bull {Harm rF+ rC+
                  | Int+4 SInv}
 48876 | Vaults:3 | Found Jounu's Jewellery Shop.
 48934 | Vaults:3 | Found Vycutoss's Magic Scroll Boutique.
 48942 | Vaults:3 | Bought a scroll of teleportation for 54 gold pieces
 49242 | Vaults:3 | Found a staircase to the Crypt.
 49297 | Vaults:3 | Found Vengaic's General Store.
 49741 | Vaults:3 | Reached skill level 20 in Fighting
 49750 | Vaults:3 | Reached skill level 25 in Ranged Weapons
 50208 | Vaults:4 | Found a radiant altar of Vehumet.
 50208 | Vaults:4 | Found the +5 robe of Misfortune {Harm *Corrode *Slow EV+5}
 50291 | Vaults:4 | Identified the +4 hat "Bubloeg" {*Corrode +Inv rElec rN+++}
 50544 | Vaults:4 | Found Ytefer's Distillery.
 50905 | Vaults:4 | Reached skill level 22 in Dodging
 51143 | Vaults:4 | Acquired 698 gold pieces
 51368 | Depths:1 | Entered Level 1 of the Depths
 51372 | D:15     | RKaid: !lg tehu
 51372 | D:15     | beem: No games for tehu.
 51372 | D:15     | RKaid: !ac 5
 51372 | D:15     | beem: 4.4 armour skill per 1 AC for 5 base AC
 51445 | Depths:1 | Reached skill level 1 in Summonings
 51477 | Depths:1 | Reached skill level 2 in Summonings
 51477 | Depths:1 | Reached XP level 23. HP: 142/142 MP: 36/36
 51480 | Depths:1 | Reached skill level 1 in Spellcasting
 51547 | Depths:1 | Reached skill level 3 in Summonings
 51561 | Depths:1 | Found a one-way gateway to a ziggurat.
 51586 | Depths:1 | Reached skill level 2 in Spellcasting
 51589 | Depths:1 | Reached skill level 4 in Summonings
 51623 | Depths:1 | Found a gateway to Hell.
 51908 | Depths:1 | Found a hazy altar of Hepliaklqana.
 52044 | Depths:1 | Noticed a golden dragon
 52047 | Depths:1 | Killed a golden dragon
 52053 | Depths:1 | Reached skill level 5 in Summonings
 52137 | Depths:2 | Found a one-way gate leading to the halls of Pandemonium.
 52204 | Depths:2 | Reached skill level 3 in Spellcasting
 52212 | Depths:2 | Reached skill level 6 in Summonings
 52641 | Depths:2 | Reached skill level 7 in Summonings
 52701 | Depths:2 | Reached skill level 21 in Fighting
 52703 | Depths:2 | Reached skill level 4 in Spellcasting
 52709 | Depths:2 | Reached skill level 8 in Summonings
 52805 | Depths:2 | Identified the amulet of the Vanishing Scars {Faith Fly
                  | Will+ Str+4 Dex+4}
 52904 | Depths:2 | Noticed a juggernaut
 52911 | Depths:2 | Killed a juggernaut
 52982 | Depths:2 | Identified the +4 scimitar of Extremism {vorpal, rElec rF+}
 52985 | Depths:2 | Identified the +8 dagger of Ukanax {flame, Int+3}
 52988 | Depths:2 | Identified the +9 dagger "Ankutroy" {venom, rC+ rN+ Will+
                  | Dex-3}
 52991 | Depths:2 | Identified the +10 rapier of Shrieking Terror {holy, Str+2}
 52994 | Depths:2 | Identified the +8 hand axe of Nirgh {drain, rCorr Str-5
                  | Int+6 SInv}
 53024 | Depths:2 | Identified the ring "Quostr Zioli" {rF+ Dex+3}
 53410 | Depths:2 | Identified the +1 robe of Ponublov {rPois rN+ Str+4 SInv}
 53451 | Depths:2 | Reached skill level 9 in Summonings
 53756 | Depths:3 | Reached skill level 1 in Air Magic
 53861 | Depths:2 | Reached skill level 5 in Spellcasting
 53886 | Depths:3 | Reached skill level 2 in Air Magic
 53942 | Depths:3 | Found a corrupted altar of Lugonu.
 54281 | Depths:3 | Reached skill level 3 in Air Magic
 54326 | Depths:3 | Reached skill level 10 in Summonings
 54347 | Depths:3 | Noticed a juggernaut
 54352 | Depths:3 | Killed a juggernaut
 54402 | Depths:3 | Found Gozag's Platinum Reserve.
 54402 | Depths:3 | Found an opulent altar of Gozag.
 54431 | Depths:3 | Reached skill level 26 in Ranged Weapons
 54444 | Depths:3 | Reached skill level 4 in Air Magic
 54446 | Depths:3 | Reached XP level 24. HP: 148/149 MP: 29/36
 54499 | Depths:3 | Reached skill level 11 in Summonings
 54526 | Depths:3 | Found an ancient bone altar of Kikubaaqudgha.
 54584 | Depths:3 | Reached skill level 6 in Spellcasting
 54608 | Depths:3 | Noticed an ancient lich
 54613 | Depths:3 | Killed an ancient lich
 54614 | Depths:3 | Reached skill level 5 in Air Magic
 54694 | Depths:3 | Reached skill level 12 in Summonings
 54696 | Depths:3 | Reached skill level 6 in Air Magic
 54784 | Depths:3 | Found a white marble altar of Elyvilon.
 54978 | Depths:3 | Reached skill level 1 in Armour
 55558 | Crypt:1  | Entered Level 1 of the Crypt
 55794 | Crypt:1  | Reached skill level 2 in Armour
 56029 | Crypt:1  | Found a transporter.
 56057 | Crypt:1  | Reached skill level 7 in Spellcasting
 56210 | Crypt:1  | Found a transporter.
 56658 | Crypt:2  | Reached skill level 3 in Armour
 56658 | Crypt:2  | Reached skill level 13 in Summonings
 56775 | Crypt:2  | Reached skill level 22 in Fighting
 57103 | Crypt:2  | Reached skill level 4 in Armour
 57285 | Crypt:2  | Noticed Mennas
 57291 | Crypt:2  | Killed Mennas
 57689 | Crypt:3  | Entered Level 3 of the Crypt
 57725 | Crypt:3  | Reached skill level 14 in Summonings
 57732 | Crypt:3  | Identified the +3 leather armour of Rationality {Rampage
                  | rElec}
 57768 | Crypt:2  | Acquired the ring "Riptidil" {rC+ rN+}
 57797 | Crypt:3  | Found a staircase to the Tomb.
 57915 | Crypt:3  | Reached skill level 5 in Armour
 58001 | Crypt:3  | Identified the +0 ring mail of Shadows and Fog {Int+9
                  | Slay-4 Stlth+}
 58058 | Crypt:3  | Reached skill level 8 in Spellcasting
 58353 | Crypt:3  | Reached XP level 25. HP: 157/157 MP: 36/36
 58498 | Crypt:3  | Learned a level 4 spell: Summon Lightning Spire
 58547 | Crypt:3  | Noticed Jory
 58555 | Crypt:3  | HP: 32/157 [Jory/+2 vorpal glaive (14)]
 58572 | Crypt:3  | Killed Jory
 58743 | Crypt:3  | Reached skill level 6 in Armour
 58768 | Crypt:3  | Identified the +1 scale mail of the New World {Will+ Int+4}
 58973 | Crypt:3  | Identified the ring "Daelat" {rElec rN+ Will- MP+9 Int-2}
 58973 | Crypt:3  | Identified the ring of Meenkett {rF+ rN+ rCorr}
 58973 | Crypt:3  | Identified the ring "Nytigeim" {rN+ Dex+4}
 59144 | Crypt:3  | Identified the +3 sling of Desperation {venom, rN+}
 59170 | Crypt:3  | Identified the ring "Repnuoko" {rC+ Int+4 Dex+4}
 59181 | Crypt:3  | Acquired the Vellum of Blasting and the Wind
 59310 | Vaults:3 | Learned a level 6 spell: Summon Cactus Giant
 59363 | Vaults:4 | Acquired the Catalogue of Discontinuous Ignition
 59395 | Vaults:5 | Entered Level 5 of the Vaults
 59559 | Vaults:5 | Reached skill level 23 in Fighting
 59559 | Vaults:5 | Identified the +1 chain mail of Uwuzuq {rPois rC- Str+2}
 59575 | Vaults:5 | Reached skill level 7 in Armour
 59631 | Vaults:5 | Reached skill level 9 in Spellcasting
 59668 | Vaults:5 | Noticed an ancient lich
 59671 | Vaults:5 | Killed an ancient lich
 59688 | Vaults:5 | Identified the +9 spear of Growth {freeze, rC++}
 59739 | Vaults:5 | Identified the amulet of Qoasim {Faith rF+ Will- Str+3}
 59809 | Vaults:5 | Reached skill level 8 in Armour
 59829 | Vaults:5 | RKaid: !ac 5
 59829 | Vaults:5 | beem: 4.4 armour skill per 1 AC for 5 base AC
 59981 | Vaults:5 | Identified the ring of Loadeh Uli {rPois rF+ rN+ Str+5}
 60273 | Vaults:5 | Identified the amulet of Elyvilon's Esteem {Faith Fly
                  | Str+3}
 60285 | Vaults:5 | Noticed a dread lich
 60287 | Vaults:5 | Killed a dread lich
 60288 | Vaults:5 | Reached skill level 10 in Spellcasting
 60289 | Vaults:5 | Noticed a dread lich
 60292 | Vaults:5 | Killed a dread lich
 60293 | Vaults:5 | Reached skill level 9 in Armour
 60318 | Vaults:5 | Reached skill level 24 in Fighting
 60383 | Vaults:5 | Got a silver rune of Zot
 61171 | D:14     | Learned a level 5 spell: Summon Forest
 61175 | D:14     | Learned a level 2 spell: Passwall
 61181 | D:14     | Learned a level 5 spell: Summon Mana Viper
 61189 | D:14     | Learned a level 7 spell: Summon Hydra
 61315 | Depths:4 | Entered Level 4 of the Depths
 61329 | Depths:4 | Reached XP level 26. HP: 133/165 MP: 24/38
 61548 | Depths:4 | Found Onapp's Book Boutique.
 61549 | Depths:4 | Found Hongu's Jewellery Emporium.
 61550 | Depths:4 | Found Nawkuge's Book Boutique.
 61737 | Depths:4 | Reached skill level 15 in Summonings
 62244 | Depths:4 | Found a gate to the Realm of Zot.
 62634 | Slime:1  | Entered Level 1 of the Pits of Slime
 62871 | Slime:5  | Entered Level 5 of the Pits of Slime
 62950 | Slime:5  | Gained mutation: [You occasionally lose the ability to read
                  | scrolls when taking damage.] [a shining eye]
 62969 | Slime:5  | Found a viscous altar of Jiyva.
 63005 | Slime:5  | Noticed the Royal Jelly
 63019 | Slime:5  | Killed the Royal Jelly
 63020 | Slime:5  | Reached skill level 25 in Fighting
 63168 | Slime:5  | Identified the +0 hand axe "Coeqoitt" {flame, Str+5}
 63208 | Slime:5  | Got Sif Muna's Enchiridion on Dimensional Attendants
 63241 | Slime:5  | Identified the +1 chain mail of the Pink Corner {Will+}
 63247 | Slime:5  | Identified the +6 short sword of True Grit {antimagic,
                  | Dex+4}
 63282 | Slime:5  | Got a slimy rune of Zot
 63598 | D:12     | Lost mutation: [You occasionally lose the ability to read
                  | scrolls when taking damage.] [potion of mutation]
 63598 | D:12     | Lost mutation: You are strong-willed. (Will+) [potion of
                  | mutation]
 63598 | D:12     | Lost mutation: You have a pair of small horns on your head.
                  | [potion of mutation]
 63598 | D:12     | Gained mutation: [Your body sometimes deteriorates upon
                  | taking damage.] [potion of mutation]
 63598 | D:12     | Gained mutation: [You sometimes lose your temper in
                  | combat.] [potion of mutation]
 63598 | D:12     | Gained mutation: Your natural rate of healing is unusually
                  | fast. [potion of mutation]
 63599 | D:12     | Lost mutation: Your natural rate of healing is unusually
                  | fast. [potion of mutation]
 63599 | D:12     | Lost mutation: [You sometimes lose your temper in combat.]
                  | [potion of mutation]
 63599 | D:12     | Lost mutation: [Your body sometimes deteriorates upon
                  | taking damage.] [potion of mutation]
 63599 | D:12     | Gained mutation: Your flesh is cold resistant. (rC+)
                  | [potion of mutation]
 63599 | D:12     | Gained mutation: You expend magic power (3 MP) to
                  | strengthen your wands. [potion of mutation]
 63728 | Lair:1   | Voluntarily entered the Abyss.
 63987 | Abyss:2  | Found a corrupted altar of Lugonu.
 64005 | Abyss:2  | Found a corrupted altar of Lugonu.
 64021 | Abyss:2  | Reached skill level 16 in Summonings
 64028 | Lair:1   | Escaped the Abyss
 64060 | Lair:1   | Voluntarily entered the Abyss.
 64204 | Lair:1   | Escaped the Abyss
 64206 | Lair:1   | Voluntarily entered the Abyss.
 64209 | Abyss:3  | Found a corrupted altar of Lugonu.
 64412 | Abyss:3  | Reached XP level 27. HP: 140/173 MP: 19/38
 64440 | Abyss:3  | Paralysed by accursed screaming for 1 turns
 64443 | Abyss:3  | Paralysed by accursed screaming for 1 turns
 64465 | Abyss:3  | HP: 24/115 [starcursed mass/accursed screaming (8)]
 64469 | Abyss:3  | HP: 11/115 [soul eater[an orange crystal statue] (9)]
 64470 | Abyss:3  | Killed from afar by a smoke demon

Illustrated notes

Levels and vault maps discovered:
D:1:      beargit_arrival_diablo_church, layout_basic,
          shapermc_ecumenical_altar_starsandcircs, minmay_misc_feat_five,
          chequers_mini_garden, nrook_uturn, nrook_mini_backslash, st_stairs_9,
          minmay_misc_feat_diagonals
D:2:      layout_rooms, serial_shops, nicolae_shop_waterfront,
          kennysheep_cross_room, kennysheep_doodads, minmay_crystal_water,
          uniq_jessica
D:3:      layout_loops_ring, kennysheep_vampire_church,
          mainiacjoe_overflow_concentric_impassable, minmay_misc_feat_x,
          nicolae_figureground_pulse
D:4:      kennysheep_spiral_hall, layout_basic, minmay_cut_off
D:5:      layout_loops_ring, minmay_temple_entry_trees, minivault_25,
          uniq_duvessa, uniq_crazy_yiuf_cottage
D:6:      lemuel_castle_with_subvaults [lemuel_castle_interior_carwin_3],
          layout_cave_pools, mainiacjoe_overflow_brackets
D:7:      layout_layer_cave, gammafunk_temple_overflow_pools
D:8:      layout_loops_ring, mainiacjoe_overflow_alcove_2, enter_bailey_3,
          uniq_maurice, uniq_erica, uniq_grum, uniq_joseph
D:9:      layout_long_grid, nicolae_overflow_crystal_walls, dpeg_lair_monsters
D:10:     kennysheep_kobold_lugonu_temple, layout_rooms, old_standard_altar
D:11:     layout_roguey, serial_shops, nicolae_shop_crystal,
          chequers_decorated_corner, led_xom_imps, uniq_erolcha, uniq_nergalle
D:12:     minmay_the_grid_octo_tiled_octocenter_mashed
          [minmay_the_grid_octo_fat_diamond, minmay_the_grid_octo_shrine,
          minmay_the_grid_octo_clover, minmay_the_grid_octo_odd_swirl,
          minmay_the_grid_octo_prize_ultimate_mussel_roller,
          minmay_the_grid_square_5x5_six_small,
          minmay_the_grid_square_5x5_spiral, minmay_the_grid_square_5x5_empty,
          minmay_the_grid_square_5x5_checkered_sparse], layout_stronghold,
          zombieorc2_lemuel, serial_shops, nicolae_shop_crystal,
          ploomutoo_gammafunk_ghost_potion_laboratory,
          fedhas_bush_and_centaur_altar
D:13:     layout_cave_pools, minmay_liquid_box
D:14:     nicolae_cairo_tiling_large, layout_irregular_city,
          skrybe_vaults_entry_preservation, nicolae_lava_and_water, uniq_nessos
D:15:     gammafunk_depths_entry_grave, layout_basic, gauntlet_entry_generic,
          unseen_surprise_small
Temple:   eino_narrow_crystal_temple
Lair:1:   layout_cellular_growth, amcnicky_altar_lugonu_corruption,
          grunt_megastairs_1
Lair:2:   layout_regular_city, minmay_shoals_entry_hut, wad_woods_road_01,
          uniq_sonja
Lair:3:   layout_loops_ring, guppyfry_snake_entry_garden, st_stairs_13,
          kennysheep_catoblepas_arena, serial_bayou_shore_b
Lair:4:   onia_ninara_swampy_vault, layout_layer_cave, slime_entry_1,
          lemuel_fruit_tree
Lair:5:   hangedman_lair_tendril_chambers, layout_hall_layers,
          chequers_serial_rivers_room_b, uniq_josephine, uniq_rupert
Shoals:1: layout_shoals, serial_shops, nicolae_shop_trees
Shoals:2: layout_shoals, uniq_nikola
Shoals:3: layout_shoals, argonaut_gorgonesque, uniq_aizul
Shoals:4: shoals_end_simple, layout_shoals, uniq_kirke
Snake:1:  layout_onion_interference, nicolae_triple_integral, minmay_shoptagon
Snake:2:  nicolae_snake_nest, layout_grid_shapes, nicolae_snake_horde_hoard
Snake:3:  layout_onion_interference, nicolae_shop_self_help
Snake:4:  snake_pit, layout_cave_town, serial_shops, nicolae_shop_statue_plus,
          uniq_vashnia
Slime:1:  layout_caves, cheibrodos_slime_lost_civilization_5
Slime:2:  layout_caves
Slime:3:  layout_caves
Slime:4:  layout_caves
Slime:5
Orc:1:    layout_caves, basic_altar, nicolae_shop_firing_range
Orc:2:    st_orc_open, layout_caves, serial_shops, nicolae_diamond_shop
Elf:1:    layout_loops_corners, portal_desolation_entry_nicolae_slug,
          orc_legates
Elf:2:    elven_hall_of_blades_hangedman_original [nicolae_blade_tridents],
          layout_onion_city, nicolae_elf_vaults_five_recruitment_drive,
          lemuel_upstairs_altar, uniq_asterion
Elf:3:    grunt_elf_hall_diamonds, layout_loops_corners
Vaults:1: vaults_dpeg_doors, nicolae_vaults_know_your_exits, v_misc_14,
          grunt_vaults_twisty, nicolae_vaults_asterisk,
          nicolae_vaults_circle_grid_b, ontoclasm_vaults_ring_small,
          vaults_mumra_hex, grunt_vaults_funnel, v_misc_25,
          ontoclasm_vaults_gateway, hangedman_vaults_maws,
          layout_vaults_omnicross, serial_glass, uniq_donald
Vaults:2: gammafunk_ghost_smash, v_rooms_6, nicolae_vaults_network_periphery,
          vaults_room_corners, nicolae_vaults_disjoint_gnomons,
          hangedman_vaults_slice, nicolae_vaults_murderbox,
          vaults_room_semicircle, hangedman_vaults_cutoff,
          nicolae_vaults_little_squares_2, vaults_room_door_ring,
          layout_vaults_maze, enter_trove_1
Vaults:3: minmay_crypt_entry_simple_plaza, st_more_cells, v_alt_pattern_3,
          nicolae_vaults_theta, hangedman_vaults_slice,
          hangedman_vaults_restitches, v_misc_2, vaults_room_ringed_pool,
          nicolae_vaults_little_squares_4, layout_vaults_chaotic_city,
          serial_shops, shop, shop_statue, nicolae_shop_crystal
Vaults:4: hangedman_vaults_impose, vaults_room_octagon,
          nicolae_vaults_network_barrier, nicolae_vaults_circle_grid_b,
          ontoclasm_vaults_pinch, v_rooms_3, grunt_tower_of_power, v_misc_2,
          nicolae_vaults_alarming, vaults_standard_mumra_x, v_misc_14,
          nicolae_vaults_rhombus_6, layout_vaults_omnibox, serial_shops,
          nicolae_shop_crystal
Vaults:5: serial_shops
Crypt:1:  gammafunk_its_a_trap, layout_basic, grunt_crypt_arrival_webbed,
          grunt_megastairs_4
Crypt:2:  layout_misc_corridors, serial_co_window_serial, co_window_corner_a,
          co_window_corner_a, co_window_of_opportunity_a,
          co_window_of_opportunity_a, co_window_paths_b, co_window_corner_a,
          co_window_cross_1, co_window_unsneaky_path_a, co_window_2corner,
          co_window_corner_b, co_window_2corner, co_window_unsneaky_path_b,
          co_window_paths_e, glass_columns_a, uniq_mennas
Crypt:3:  due_elkab, layout_chaotic_city
Depths:1: layout_roguey, enter_ziggurat_b, nzn_hepliaklqana_mist_gate,
          hangedman_coc_ice_floe, amcnicky_mini_pool_small, st_stairs_13,
          lightli_fourway_metalbox
Depths:2: giant_chief_lemuel, layout_cave_shapes, hangedman_abyss_entry_splay,
          hangedman_tar_grid_catacomb, grunt_pan_entry_zigzag
Depths:3: dreamdust_under_siege, layout_cave_shapes, abyss_entry_flame_altar,
          hell_entry, nicolae_elyvilon_temple_path, special_room
          [special_room_morgue], corner_web_ring,
          nicolae_gozag_zags_fifth_avenue, infiniplex_staircase_door_maze,
          grunt_megastairs_3
Depths:4: evilmike_zot_entry_basic, layout_gridlike, hell_entry,
          hangedman_decor_riveting, minmay_room_of_horrors, minmay_shop_grove,
          kennysheep_random_hallway, uniq_josephina
Abyss:3:  base: D:13, spicy_abyss_helpful_harpoons, base: D:6,
          spicy_abyss_unhelpful_harpoons, hangedman_decor_riveting,
          hangedman_decor_riveting, doesnt_abyss_rune_brain_food,
          hangedman_decor_riveting, doesnt_abyss_rune_brain_food

Skill      XL: |  1  2  3  4  5  6  7  8  9 10 11 12 13 14 15 16 17 18 19 20 21 22 23 24 25 26 |
---------------+-------------------------------------------------------------------------------+-----
Ranged Weapons | 5 6 7 8 9 11 13 15 16 17 19 20 21 22 23 24 25 26 | 26.7
Dodging        | 3 4 5 6 7 9 10 11 12 13 14 16 17 18 19 20 22 | 22.9
Fighting       | 3 4 5 7 8 9 10 11 12 13 14 15 16 17 18 19 20 21 22 24 25 | 25.4
Invocations    | 3 5 7 8 11 13 15 16 | 16.0
Evocations     | 5 |  5.0
Translocations | 1 6 8 |  8.0
Summonings     | 2 10 14 16 | 16.3
Spellcasting   | 5 8 10 | 10.2
Air Magic      | 4 6 |  6.0
Armour         | 5 9 |  9.0
Stealth        | |  1.0

Action                   |  1- 3 |  4- 6 |  7- 9 | 10-12 | 13-15 | 16-18 | 19-21 | 22-24 | 25-27 || total
-------------------------+-------+-------+-------+-------+-------+-------+-------+-------+-------++-------
Melee: Arbalest          |       |       |       |       |     2 |       |       |       |       ||     2
       Kick              |       |       |       |       |     1 |       |       |       |       ||     1
 Fire: Shortbow          |   106 |   120 |   457 |   548 |       |       |       |       |       ||  1231
       Arbalest          |       |       |       |   245 |   779 |   627 |       |       |       ||  1651
       Triple crossbow   |       |       |       |       |       |   304 |   575 |       |       ||   879
       Heavy crossbow    |       |       |       |       |       |       |   208 |   839 |   662 ||  1709
 Cast: Passage of Golubr |       |       |       |       |       |       |     1 |     1 |       ||     2
       Apportation       |       |       |       |       |       |       |       |     3 |       ||     3
       Blink             |       |       |       |       |       |       |       |     2 |       ||     2
       Summon Cactus Gia |       |       |       |       |       |       |       |       |     2 ||     2
       Summon Lightning  |       |       |       |       |       |       |       |       |     1 ||     1
       Summon Mana Viper |       |       |       |       |       |       |       |       |     1 ||     1
       Portal Projectile |       |       |       |       |       |       |       |       |     1 ||     1
Invok: Recall Ancestor   |       |       |       |     5 |     6 |     7 |     6 |     3 |    12 ||    39
       Ancestor Identity |       |       |       |     1 |       |       |       |       |       ||     1
       Ancestor Life: Kn |       |       |       |     1 |       |       |       |       |       ||     1
       Idealise          |       |       |       |       |     2 |     6 |     8 |     6 |     9 ||    31
       Transference      |       |       |       |       |       |     1 |       |       |     2 ||     3
Evoke: Wand              |       |       |     4 |     2 |     2 |     3 |       |       |     4 ||    15
  Use: Scroll            |     2 |       |     4 |     9 |    18 |     4 |     2 |     2 |     8 ||    49
       Potion            |       |       |     1 |     4 |    13 |     4 |       |       |     7 ||    29
Armor: Leather armour    |    16 |    46 |    24 |       |    10 |    14 |     9 |    10 |    23 ||   152
       Robe              |       |       |     7 |    14 |       |       |       |       |       ||    21
       Ice dragon scales |       |       |       |    36 |    89 |       |       |       |       ||   125
Dodge: Dodged            |    44 |   122 |   224 |   284 |   427 |   474 |   271 |   279 |   505 ||  2630
Block: Other             |       |       |       |       |       |       |    10 |    21 |       ||    31
       Reflection        |       |       |       |       |       |       |     6 |     1 |       ||     7

Table legend: (Time is in decaauts)
 A = Elapsed time spent in this place.
 B = Non-inter-level travel time spent in this place.
 C = Inter-level travel time spent in this place.
 D = Time resting spent in this place.
 E = Time spent auto-exploring this place.
 F = Levels seen in this place.
 G = Mean time per level.
                   A        B        C        D        E       F      G
               +--------+--------+--------+--------+--------+-----+--------+
         Total |  61813 |  57069 |   4744 |  14206 |  25312 |  59 | 1047.7 |
       Dungeon |  19744 |  17925 |   1819 |   6058 |   7745 |  15 | 1316.3 |
        Temple |    189 |    175 |     14 |      0 |    162 |   1 |  189.0 |
          Lair |   8208 |   7213 |    995 |   2565 |   3120 |   5 | 1641.6 |
        Shoals |   3867 |   3653 |    214 |    553 |   2171 |   4 |  966.8 |
     Snake Pit |   4421 |   4266 |    155 |   1227 |   1979 |   4 | 1105.2 |
    Slime Pits |    787 |    753 |     34 |    148 |      0 |   5 |  157.4 |
  Orcish Mines |   1848 |   1655 |    193 |    661 |    656 |   2 |  924.0 |
   Elven Halls |   4244 |   3902 |    342 |    500 |   2061 |   3 | 1414.7 |
        Vaults |   6685 |   6167 |    518 |    645 |   3235 |   5 | 1337.0 |
         Crypt |   3572 |   3339 |    233 |    288 |   1575 |   3 | 1190.7 |
        Depths |   4869 |   4646 |    223 |    640 |   2311 |   4 | 1217.2 |
         Abyss |    719 |    719 |      0 |      0 |      0 |   5 |  143.8 |
        Bailey |   1002 |   1002 |      0 |    534 |     42 |   1 | 1002.0 |
    Desolation |   1270 |   1270 |      0 |    337 |    138 |   1 | 1270.0 |
      Gauntlet |    382 |    382 |      0 |     46 |    110 |   1 |  382.0 |
               +--------+--------+--------+--------+--------+-----+--------+

Top non-repeatable levels by time:
     D:6: 3164 daAuts
  Lair:1: 2409 daAuts
     D:5: 2161 daAuts
  Lair:4: 1761 daAuts
    D:12: 1743 daAuts
Depths:2: 1712 daAuts
   Elf:3: 1538 daAuts
    D:14: 1528 daAuts
  Lair:5: 1521 daAuts
     D:8: 1493 daAuts
 Crypt:3: 1491 daAuts
Vaults:5: 1472 daAuts
Vaults:3: 1450 daAuts
Depths:3: 1440 daAuts
   Elf:2: 1399 daAuts

Table legend:
 A = Kills in this place as a percentage of kills in entire the game.
 B = Kills by you in this place as a percentage of kills by you in the entire game.
 C = Kills by friends in this place as a percentage of kills by friends in the entire game.
 D = Other kills in this place as a percentage of other kills in the entire game.
 E = Experience gained in this place as a percentage of experience gained in the entire game.
 F = Experience gained in this place divided by the number of levels of this place that you have seen.
                   A       B       C       D       E      F
               +-------+-------+-------+-------+-------+----------------------
         Total | 100.0 | 100.0 | 100.0 | 100.0 | 100.0 | 21441.3
       Dungeon |  18.6 |  20.7 |  11.5 |  28.6 |   5.7 | 4841.4
          Lair |   6.8 |   6.6 |   7.3 |  14.3 |   3.8 | 9624.8
        Shoals |   7.1 |   6.5 |   8.5 |  28.6 |   7.3 | 22974.0
     Snake Pit |   7.5 |   7.3 |   8.3 |   0.0 |   7.6 | 24136.0
    Slime Pits |   4.0 |   3.0 |   7.5 |   0.0 |   4.5 | 11286.2
  Orcish Mines |   4.1 |   4.1 |   3.9 |   0.0 |   1.6 | 10435.0
   Elven Halls |   7.7 |   7.4 |   8.5 |  28.6 |  10.2 | 42984.0
        Vaults |  15.6 |  15.7 |  15.3 |   0.0 |  23.9 | 60553.4
         Crypt |   7.4 |   7.7 |   6.4 |   0.0 |   9.0 | 37923.7
        Depths |  11.1 |  10.9 |  11.9 |   0.0 |  18.4 | 58049.2
         Abyss |   4.4 |   3.9 |   5.9 |   0.0 |   4.1 | 10374.4
        Bailey |   1.9 |   2.2 |   1.1 |   0.0 |   0.2 | 2960.0
    Desolation |   3.5 |   3.6 |   3.0 |   0.0 |   3.3 | 41183.0
      Gauntlet |   0.4 |   0.3 |   0.9 |   0.0 |   0.4 | 4847.0
               +-------+-------+-------+-------+-------+----------------------
